 Dungeon Crawl Stone Soup version 0.21.1-1-g345015fe64 (webtiles) character file.

214995 Jannitor the Unseen (level 19, -6/134 HPs)
             Began as a Halfling Berserker on June 11, 2018.
             Was an Elder of Trog.
             Killed from afar by a fire dragon (53 damage)
             ... with a blast of flame
             ... on level 1 of the Vaults.
             The game lasted 01:53:17 (50282 turns).

Jannitor the Unseen (Halfling Berserker)           Turns: 50282, Time: 01:53:18

Health: -6/134     AC: 13    Str: 18    XL:     19   Next: 73%
Magic:  28/28      EV: 29    Int:  5    God:    Trog [****..]
Gold:   1588       SH:  8    Dex: 22    Spells: 18/18 levels left

rFire    . . .     SeeInvis +   a - +7 quick blade (freeze)
rCold    . . .     Gourm    .   d - +0 buckler
rNeg     + . .     Faith    +   s - +0 acid dragon scales
rPois    .         Spirit   .   X - +2 hat {MR+}
rElec    .         Reflect  .   E - +0 cloak
rCorr    +         Harm     .   I - +0 pair of gloves
MR       ++++.                  (no boots)
Stlth    +++.......             Q - amulet of faith
HPRegen  1.32/turn              L - ring of see invisible
MPRegen  0.21/turn              u - ring "Waphupn" {rN+ Slay+4}

@: regenerating, very slow
A: small, mutation resistance 1
}: 1/15 runes: serpentine
a: Berserk, Trog's Hand, Brothers in Arms, Burn Spellbooks, Renounce Religion


You were on level 1 of the Vaults.
You worshipped Trog.
Trog was greatly pleased with you.
You were hungry.

You visited 7 branches of the dungeon, and saw 32 of its levels.
You also visited: Labyrinth and Sewer.

You collected 2760 gold pieces.
You spent 1172 gold pieces at shops.

Inventory:

Hand Weapons
 a - a +7 quick blade of freezing (weapon)
 b - a +5 blowgun
Missiles
 j - 45 needles of confusion
 H - 9 curare-tipped needles
 M - 2 needles of frenzy
 O - 15 needles of sleeping
 P - 8 tomahawks of dispersal (quivered)
 W - 8 throwing nets
Armour
 d - a +0 buckler (worn)
 s - +0 acid dragon scales (worn)
 y - +5 steam dragon scales
 E - a +0 cloak (worn)
 I - a +0 pair of gloves (worn)
 X - a +2 hat of magic resistance (worn)
Jewellery
 g - an uncursed ring of resist corrosion
 h - an uncursed ring of poison resistance
 u - the ring "Waphupn" (right hand) {rN+ Slay+4}
   (You found it on level 14 of the Dungeon)

   [ring of slaying]

   It affects your accuracy and damage with ranged weapons and melee attacks
   (+4).
   It protects you from negative energy.
 L - a ring of see invisible (left hand)
 Q - an amulet of faith (around neck)
Wands
 f - a wand of iceblast (21)
 q - a wand of polymorph (45)
 r - a wand of clouds (13)
 D - a wand of flame (106)
 G - a wand of digging (38)
 N - a wand of disintegration (12)
 S - a wand of enslavement (14)
 Y - a wand of acid (5)
Scrolls
 e - 4 scrolls of remove curse
 k - 13 scrolls of teleportation
 l - a scroll of enchant armour
 p - 5 scrolls of fog
 t - 4 scrolls of silence
 B - 2 scrolls of identify
 C - a scroll of fear
 J - 2 scrolls of holy word
 R - a scroll of magic mapping
 T - 2 scrolls of vulnerability
Potions
 i - 2 potions of mutation
 m - a potion of heal wounds
 n - 4 potions of flight
 w - 7 potions of curing
 x - a potion of cancellation
 z - 4 potions of might
 A - 2 potions of haste
 F - 2 potions of resistance
 K - 8 potions of agility
 U - a potion of ambrosia
Miscellaneous
 v - a fan of gales (inert)
 V - a lamp of fire
 Z - a phial of floods (inert)
Comestibles
 c - 25 rations
 o - 6 chunks of flesh


   Skills:
 + Level 13.2 Fighting
 - Level 8.0 Short Blades
 * Level 14.8 Throwing
 - Level 9.1 Armour
 + Level 15.1 Dodging
 + Level 16.0 Stealth
 + Level 9.6 Shields
 + Level 13.2 Evocations


You had 18 spell levels left.
You didn't know any spells.

Dungeon Overview and Level Annotations

Branches:
Dungeon (15/15)            Temple (0/1) D:4            Lair (6/6) D:10
 Shoals (3/4) Lair:3        Snake (4/4) Lair:2        Slime (0/5) Lair:5
    Orc (2/2) D:11            Elf (1/3) Orc:2        Vaults (1/5) D:14
 Depths (0/5) D:15

Altars:
Ashenzari
Elyvilon
Fedhas
Hepliaklqana
Makhleb
Nemelex Xobeh
Trog
Uskayaw
Vehumet
Xom
Zin

Shops:
D:5 ?   D:7 ?   D:10 %   Orc:1 *   Orc:2 }[[(:

Portals:
Hell: Lair:6
Trove: D:12 (give 2 scrolls of acquirement)

Annotations:
D:5 plutoniumapex's ghost, novice HOFi
D:9 Grum
Lair:5 exclusion: 2 oklob plants
Shoals:3 Polyphemus


Innate Abilities, Weirdness & Mutations

You are small and have problems with some larger weapons.
You are somewhat resistant to further mutation.


Message History

You fall into the shallow water.
Moving in this stuff is going to be slow.
The water rises up and takes form.
You hear a shout!
The jumping spider leaps!
Unknown command.
Your unstable footing causes you to fumble your attack.
You hit the fire dragon. You freeze the fire dragon.
The fire dragon is heavily wounded.
The fire dragon bites you but does no damage.
The fire dragon completely misses you.
The fire dragon tramples you but does no damage.
You swap places.
Your water elemental barely misses the fire dragon.
Your water elemental hits the fire dragon!
The fire dragon breathes flames at you.
The blast of flame hits your water elemental.
Your water elemental is burned terribly!
The blast of flame hits you!
You die...

#......# #.##.##...#.
#.†....# #...........
###########'#################
......................(......
.............................
.....................).......
.............................
#######s#####################
#.≈≈DE@.....# #.≈E#######.#
#.≈.# # #...# #### #....
##.#. #####. ##.... #.. .#
#...#. #. # ##.### #. ##...#.


You could see a fire dragon, a jumping spider and 2 friendly water elementals.

Vanquished Creatures
  Vashnia (Snake:2)
  Rupert (D:12)
  A lich (Vaults:1)
  A kraken (Shoals:2)
  A sphinx (Vaults:1)
  10 nagarajas
  Aizul (Vaults:1)
  The ghost of Lentor the Fencer, a journeyman MiBe of Trog (Lair:4)
  2 ironheart preservers (Vaults:1)
  Nessos (D:15)
  3 merfolk javelineers (Shoals:2)
  2 merfolk impalers
  A minotaur (Lab)
  Fannar (Lair:1)
  A great orb of eyes (D:14)
  2 hydras
  A hell beast (Lair:6)
  2 catoblepae
  4 anacondas
  Erica (D:9)
  Erolcha (D:12)
  3 centaur warriors
  14 naga warriors
  26 two-headed ogres
  3 dancing weapons (Elf:1)
  A merfolk avatar (Shoals:2)
  4 tengu warriors
  6 ogre magi
  12 naga sharpshooters
  Urug (D:12)
  2 deep elf knights
  5 shock serpents
  8 sea snakes
  A shadow wraith (Vaults:1)
  A deep troll (Orc:2)
  5 skeletal warriors
  4 wizards
  5 naga ritualists
  3 unseen horrors
  5 deep elf archers
  22 deep elf magi
  4 harpies (Shoals:3)
  A necromancer (D:15)
  Pikel (D:8)
  8 ugly things
  A wolf spider zombie (D:15)
  4 mana vipers
  An oklob plant (D:10)
  2 orc knights
  6 orc sorcerers
  6 salamanders
  A wolf spider (Vaults:1)
  7 cyclopes
  7 manticores
  6 fauns
  9 elephants
  23 black mambas
  3 water nymphs
  Joseph (D:7)
  2 vault sentinels (Vaults:1)
  12 naga magi
  2 centaur zombies
  3 orange demons (Lair:6)
  13 guardian serpents
  4 merfolk sirens
  A torpor snail (Lair:5)
  9 spiny frogs
  7 centaur skeletons
  A rime drake (shapeshifter) (D:14)
  11 komodo dragons
  4 rime drakes
  2 freezing wraiths
  A kobold demonologist (D:10)
  2 ice devils
  A red devil (Lair:6)
  An efreet (D:14)
  17 merfolk
  A tengu conjurer (D:14)
  A queen bee (shapeshifter) (D:14)
  15 trolls
  5 slime creatures (Vaults:1)
  2 polar bears
  2 hornets
  Prince Ribbit (D:8)
  2 wind drakes
  5 blink frogs
  9 hippogriffs
  A meliai zombie (D:14)
  5 snapping turtles
  A spriggan (D:7)
  An air elemental (Elf:1)
  3 shadows
  4 wyverns
  A wraith (Lair:6)
  8 hungry ghosts
  2 steam dragons
  43 yaks
  3 basilisks
  7 vampire mosquitoes
  A soldier ant (D:13)
  A warg (Orc:2)
  A soldier ant (shapeshifter) (Vaults:1)
  2 acid dragons
  36 nagas
  15 water moccasins
  A floating eye (shapeshifter) (Elf:1)
  2 hell hounds (Lair:6)
  4 porcupines
  3 sky beasts
  A slave (D:8)
  2 hornet zombies
  16 orc warriors
  2 phantoms
  7 wolves
  36 ogres
  4 boggarts
  20 centaurs
  9 crocodiles
  3 big kobolds (D:14)
  19 bullfrogs
  2 gnoll sergeants
  3 wyvern skeletons
  7 scorpions
  An oklob sapling (D:10)
  8 wights
  9 howler monkeys
  A bullfrog zombie (D:13)
  4 crimson imps
  A quasit (D:8)
  13 orc priests
  4 jellies
  A bullfrog skeleton (D:4)
  6 hounds
  Jessica (D:2)
  Terence (D:2)
  6 iguanas
  16 orc wizards
  12 worker ants
  A killer bee zombie (D:8)
  7 gnolls
  A howler monkey skeleton (D:5)
  27 adders
  3 river rats (Sewer)
  2 shadow imps
  3 oozes
  A dart slug (D:1)
  9 leopard geckos
  95 orcs
  7 bats
  8 giant cockroaches
  5 goblins
  5 hobgoblins
  28 jackals
  4 quokkas
  20 ball pythons
  8 frilled lizards
  A jackal zombie (D:8)
  12 kobolds
  A leopard gecko skeleton (D:6)
  30 rats
  4 plants (D:10)
  4 tentacles (Shoals:2)
1043 creatures vanquished.

Vanquished Creatures (collateral kills)
  Saint Roka (Snake:2)
  Gastronok (Lair:3)
  A nagaraja (Snake:4)
  The ghost of Gargoyl the Corrupter of Planes, a journeyman CeAK of Lugonu (Snake:1)
  Snorg (Lair:3)
  A fire dragon (Vaults:1)
  Josephine (Lair:6)
  A deep elf knight (Vaults:1)
  A deep troll (Vaults:1)
  A merfolk siren (Shoals:3)
  A water nymph (Shoals:3)
  2 black mambas
  A spiny frog (Lair:6)
  A wind drake (Shoals:3)
  A merfolk (Shoals:3)
  2 wraiths (Lair:6)
  A wyvern (Lair:3)
  A water elemental (Shoals:3)
  5 yaks (Lair:6)
  A naga (Snake:3)
  2 hell hounds (Lair:6)
  6 orc warriors
  A crocodile (Lair:3)
  2 orc wizards
  4 orcs
41 creatures vanquished.

Vanquished Creatures (others)
  An ironbrand convoker (Vaults:1)
  A merfolk (Shoals:2)
  An orc warrior (Snake:2)
  An ogre (Orc:1)
  An orc wizard (Snake:2)
  An adder (D:8)
  4 orcs (D:6)
  A bush (Lair:5)
  12 fungi
  15 plants
  2 tentacles (Shoals:2)
40 creatures vanquished.

Grand Total: 1124 creatures vanquished

Notes
Turn   | Place    | Note
-------+----------+-------------------------------------------
     0 | D:1      | Jannitor the Halfling Berserker began the quest for the Orb.
     0 | D:1      | Reached XP level 1. HP: 15/15 MP: 1/1
   314 | D:1      | Reached XP level 2. HP: 18/20 MP: 2/2
   566 | D:1      | Reached XP level 3. HP: 26/26 MP: 3/3
   595 | D:1      | Reached skill level 1 in Throwing
   952 | D:1      | Reached ** piety under Trog
  1212 | D:2      | Reached XP level 4. HP: 31/31 MP: 2/4
  1222 | D:2      | Reached skill level 1 in Stealth
  1441 | D:2      | Noticed Terence
  1448 | D:2      | Killed Terence
  1538 | D:2      | Reached XP level 5. HP: 35/36 MP: 3/5
  1743 | D:2      | Found a hazy altar of Hepliaklqana.
  1743 | D:2      | Found a glowing silver altar of Zin.
  1750 | D:2      | Found a radiant altar of Vehumet.
  1752 | D:2      | Found a faded altar of an unknown god.
  1754 | D:2      | Found a faded altar of an unknown god.
  1806 | D:2      | Noticed Jessica
  1817 | D:2      | Killed Jessica
  2339 | D:3      | Reached skill level 2 in Stealth
  2345 | D:3      | Reached XP level 6. HP: 42/42 MP: 6/6
  3333 | D:4      | Reached skill level 5 in Short Blades
  3559 | D:4      | Reached *** piety under Trog
  3559 | D:4      | Reached XP level 7. HP: 33/47 MP: 4/7
  3564 | D:4      | Reached skill level 3 in Stealth
  3809 | D:4      | Found a staircase to the Ecumenical Temple.
  4478 | D:5      | Entered Level 5 of the Dungeon
  4505 | D:5      | Reached XP level 8. HP: 54/54 MP: 8/8
  4531 | D:5      | Reached skill level 4 in Stealth
  4547 | D:5      | Noticed plutoniumapex's ghost (novice HOFi)
  4766 | D:5      | Found Ybleqeka's Magic Scroll Shop.
  4770 | D:5      | Bought a scroll of identify for 26 gold pieces
  4770 | D:5      | Bought a scroll of silence for 97 gold pieces
  5132 | D:5      | Reached skill level 5 in Dodging
  5466 | D:6      | Found a white marble altar of Elyvilon.
  5491 | D:6      | Found a glowing drain.
  5516 | D:6      | Reached skill level 5 in Fighting
  5548 | Sewer    | Entered a sewer
  5631 | Sewer    | Reached **** piety under Trog
  5751 | Sewer    | Reached skill level 5 in Stealth
  5873 | Sewer    | Reached XP level 9. HP: 53/61 MP: 5/9
  6723 | D:6      | Reached skill level 5 in Throwing
  6723 | D:6      | Reached skill level 1 in Evocations
  7037 | D:6      | Reached skill level 6 in Stealth
  7088 | D:7      | Noticed Joseph
  7089 | D:7      | Found a hide-covered altar of Uskayaw.
  7092 | D:7      | Killed Joseph
  7223 | D:7      | Reached ***** piety under Trog
  7272 | D:7      | Reached XP level 10. HP: 57/68 MP: 11/11
  7340 | D:7      | Found Tiestisi's Magic Scroll Boutique.
  7377 | D:7      | Received a gift from Trog
  7618 | D:7      | Bought a scroll of teleportation for 45 gold pieces
  7618 | D:7      | Bought a scroll of enchant armour for 112 gold pieces
  7618 | D:7      | Bought a scroll of blinking for 112 gold pieces
  7736 | D:7      | Found a bloodstained altar of Trog.
  7869 | D:7      | Reached skill level 7 in Stealth
  8076 | D:8      | Found a sparkling altar of Nemelex Xobeh.
  8077 | D:8      | Noticed a two-headed ogre
  8090 | D:8      | Killed a two-headed ogre
  8234 | D:8      | Found a shattered altar of Ashenzari.
  8485 | D:8      | Noticed a two-headed ogre
  8498 | D:8      | Killed a two-headed ogre
  8806 | D:8      | Noticed Prince Ribbit
  8810 | D:8      | Noticed Pikel
  8840 | D:8      | Killed Prince Ribbit
  8877 | D:8      | Killed Pikel
  8877 | D:8      | Reached skill level 8 in Stealth
  8877 | D:8      | Reached XP level 11. HP: 41/74 MP: 6/14
  9072 | D:8      | Noticed a two-headed ogre
  9088 | D:8      | Killed a two-headed ogre
  9602 | D:9      | Noticed Grum
  9643 | D:8      | Reached skill level 5 in Evocations
 10130 | D:9      | Noticed Erica
 10142 | D:9      | Killed Erica
 10786 | D:10     | Entered Level 10 of the Dungeon
 10844 | D:10     | Found a staircase to the Lair.
 10883 | D:10     | Reached skill level 9 in Stealth
 10996 | D:10     | Got a slimy bone ring
 10997 | D:10     | Identified the ring of the Turtle {Int+2 Dex+4} (You found it on level 10 of the Dungeon)
 11002 | D:10     | Noticed a two-headed ogre
 11006 | D:10     | Received a gift from Trog
 11015 | D:10     | Killed a two-headed ogre
 11548 | D:10     | Found Avooph's Food Emporium.
 11743 | D:10     | Noticed an oklob plant
 11799 | D:10     | Killed an oklob plant
 11799 | D:10     | Reached XP level 12. HP: 61/82 MP: 3/16
 11951 | D:10     | Found a blossoming altar of Fedhas.
 11971 | D:10     | Paralysed by a hornet for 1 turns
 11991 | D:10     | Received a gift from Trog
 12138 | D:11     | Noticed a two-headed ogre
 12145 | D:11     | Killed a two-headed ogre
 12618 | D:11     | Found a staircase to the Orcish Mines.
 12973 | D:11     | Killed an unseen horror
 13164 | Lair:1   | Entered Level 1 of the Lair of Beasts
 13200 | Lair:1   | Reached skill level 10 in Stealth
 13243 | Lair:1   | Found a labyrinth entrance.
 13249 | Lab      | Entered a labyrinth
 13487 | Lab      | Noticed a minotaur
 13496 | Lab      | Killed a minotaur
 13850 | Lair:1   | Noticed Fannar
 13895 | Lair:1   | Killed Fannar
 14368 | Lair:1   | Received a gift from Trog
 14455 | Lair:2   | Reached skill level 10 in Dodging
 14805 | Lair:2   | Reached XP level 13. HP: 72/90 MP: 6/18
 15237 | Lair:2   | Received a gift from Trog
 15512 | Lair:2   | Reached skill level 5 in Armour
 15668 | Lair:2   | Found a staircase to the Snake Pit.
 16015 | Lair:3   | Noticed Sonja
 16251 | Lair:3   | Identified the cursed +3 lajatang of the Wilderness {speed, Dex+4} (You found it on level 3 of the Lair of Beasts)
 16384 | Lair:3   | Noticed an eight-headed hydra
 16426 | Lair:3   | Killed an eight-headed hydra
 16834 | Lair:3   | Found a staircase to the Shoals.
 16876 | Lair:3   | Received a gift from Trog
 16937 | Lair:3   | Noticed Gastronok
 16963 | Lair:3   | Killed Gastronok
 16963 | Lair:3   | Reached skill level 11 in Stealth
 16980 | Lair:3   | Noticed Snorg
 16987 | Lair:3   | Killed Snorg
 17025 | Lair:3   | Noticed Sonja
 17025 | Lair:3   | Sonja changed into Sonja the wyvern
 17035 | Lair:3   | Killed Sonja the wyvern
 18457 | Lair:4   | Noticed Lentor's ghost (journeyman MiBe)
 18973 | Lair:4   | Killed Lentor's ghost
 19063 | Lair:5   | Received a gift from Trog
 19123 | Lair:5   | Found a radiant altar of Vehumet.
 19577 | Lair:5   | Reached XP level 14. HP: 98/98 MP: 20/20
 19751 | Lair:5   | Reached skill level 10 in Throwing
 20242 | Lair:5   | Found a staircase to the Slime Pits.
 20290 | Lair:6   | Entered Level 6 of the Lair of Beasts
 21146 | Lair:6   | Reached skill level 10 in Fighting
 21146 | Lair:6   | Reached skill level 12 in Stealth
 21334 | Lair:6   | Noticed Josephine
 21359 | Lair:6   | Killed Josephine
 21364 | Lair:6   | Found a burning altar of Makhleb.
 22259 | Lair:6   | Received a gift from Trog
 22420 | Lair:6   | Found a gateway to Hell.
 22681 | Orc:1    | Entered Level 1 of the Orcish Mines
 22750 | Orc:1    | Found Zail's Assorted Antiques.
 22787 | Orc:1    | Bought a scroll labeled SYMESHRODEG for 26 gold pieces
 22887 | Orc:2    | Entered Level 2 of the Orcish Mines
 22887 | Orc:2    | Found Oraener's Gadget Shoppe.
 22941 | Orc:2    | Received a gift from Trog
 23013 | Orc:2    | Bought a wand of acid (5) for 234 gold pieces
 23013 | Orc:2    | Bought a phial of floods for 520 gold pieces
 23196 | Orc:2    | Found a staircase to the Elven Halls.
 23333 | Orc:1    | Received a gift from Trog
 23344 | Orc:1    | Reached XP level 15. HP: 105/105 MP: 22/22
 23546 | Orc:2    | Found Ymen's Armour Shop.
 23559 | Orc:2    | Found Panwon's Armour Emporium.
 23570 | Orc:2    | Received a gift from Trog
 23896 | Orc:2    | Found Ticouxto's Antique Weapon Boutique.
 23903 | Orc:2    | Found Esywisy's Book Boutique.
 24343 | Orc:2    | Reached skill level 10 in Evocations
 24677 | Orc:2    | Received a gift from Trog
 25054 | D:12     | Reached skill level 13 in Stealth
 25505 | D:12     | Noticed Urug
 25583 | D:12     | Killed Urug
 25972 | D:12     | Received a gift from Trog
 26021 | D:12     | Reached skill level 1 in Shields
 26082 | D:12     | Noticed Rupert
 26101 | D:12     | Killed Rupert
 26509 | D:12     | Found a portal to a secret trove of treasure.
 26603 | D:12     | Noticed Erolcha
 26606 | D:12     | Killed Erolcha
 26957 | D:13     | Received a gift from Trog
 27686 | D:13     | Reached XP level 16. HP: 109/112 MP: 23/23
 27844 | D:14     | Got a shimmering marble ring
 27845 | D:14     | Identified the ring "Waphupn" {rN+ Slay+4} (You found it on level 14 of the Dungeon)
 27866 | D:14     | Received a gift from Trog
 27912 | D:14     | Identified the cursed +0 ring mail "Wuunne" {rN+ Int+2 Dex+4} (You found it on level 14 of the Dungeon)
 27997 | D:14     | Received a gift from Trog
 28340 | D:14     | Received a gift from Trog
 28408 | D:14     | Received a gift from Trog
 28832 | D:14     | Found a gate to the Vaults.
 28871 | D:14     | Reached ****** piety under Trog
 28899 | D:14     | Received a gift from Trog
 29158 | D:14     | Received a gift from Trog
 29427 | D:15     | Entered Level 15 of the Dungeon
 29427 | D:15     | Noticed Nessos
 29456 | D:15     | Killed Nessos
 30100 | D:15     | Found a staircase to the Depths.
 30105 | D:15     | Reached skill level 14 in Stealth
 30199 | D:15     | Reached skill level 5 in Shields
 30473 | Snake:1  | Entered Level 1 of the Snake Pit
 30554 | Snake:1  | Noticed Gargoyl's ghost (journeyman CeAK)
 30585 | Snake:1  | Killed Gargoyl's ghost
 31105 | Snake:1  | Received a gift from Trog
 31108 | Snake:1  | Got a pitted rapier {god gift}
 31109 | Snake:1  | Identified the +4 rapier "Buacouc" {speed, -Tele rF++ Str+3 Dex+3} (Trog gifted it to you on level 1 of the Snake Pit)
 31881 | Snake:2  | Reached XP level 17. HP: 119/119 MP: 25/25
 32314 | Snake:2  | Got a faintly humming robe
 32325 | Snake:2  | Identified the cursed +0 robe of the Failed Coup {rC+ MR+ Dex-4} (You found it on level 2 of the Snake Pit)
 32355 | Snake:2  | Found a shimmering altar of Xom.
 32547 | Snake:2  | Noticed Saint Roka
 32988 | Snake:2  | Killed Saint Roka
 33095 | Snake:3  | Noticed Vashnia
 33548 | Snake:3  | Received a gift from Trog
 35961 | Snake:2  | Killed Vashnia
 38239 | Snake:4  | Entered Level 4 of the Snake Pit
 39670 | Snake:4  | Reached XP level 18. HP: 88/126 MP: 27/27
 39963 | Snake:4  | Reached skill level 15 in Stealth
 40121 | Snake:4  | HP: 5/126 [poisoned by a guardian serpent (bolt of poison)]
 40123 | Snake:4  | HP: 1/126 [naga ritualist/Olgreb's Toxic Radiance (3)]
 40130 | Snake:4  | HP: 6/126 [naga ritualist/Olgreb's Toxic Radiance (4)]
 40612 | Shoals:1 | Entered Level 1 of the Shoals
 40678 | Shoals:1 | Received a gift from Trog
 41278 | Shoals:2 | Noticed a kraken
 41335 | Shoals:2 | Received a gift from Trog
 41962 | Shoals:2 | Killed a kraken
 43331 | Shoals:3 | Noticed Polyphemus
 45395 | Elf:1    | Entered Level 1 of the Elven Halls
 45669 | Elf:1    | Received a gift from Trog
 45771 | Elf:1    | HP: 4/127 [deep elf annihilator/bolt of lightning (24)]
 46768 | Snake:4  | Identified the cursed +2 short sword of Accord {vamp, rElec MP+9 Str+4} (You took it off a nagaraja on level 4 of the Snake Pit)
 47017 | Snake:4  | Reached XP level 19. HP: 69/133 MP: 28/28
 47305 | Snake:4  | Got a serpentine rune of Zot
 48077 | Snake:4  | Received a gift from Trog
 48370 | Snake:4  | Received a gift from Trog
 48627 | Vaults:1 | Entered Level 1 of the Vaults
 48777 | Vaults:1 | Received a gift from Trog
 48865 | Vaults:1 | Reached skill level 15 in Dodging
 48883 | Vaults:1 | Received a gift from Trog
 49007 | Vaults:1 | Noticed a lich
 49038 | Vaults:1 | Killed a lich
 49430 | Vaults:1 | Identified a scroll of acquirement
 49909 | Vaults:1 | Noticed Aizul
 49937 | Vaults:1 | Killed Aizul
 49945 | Vaults:1 | Reached skill level 16 in Stealth
 49949 | Vaults:1 | Received a gift from Trog
 50044 | Vaults:1 | Received a gift from Trog
 50282 | Vaults:1 | Killed from afar by a fire dragon

Skill      XL: |  1  2  3  4  5  6  7  8  9 10 11 12 13 14 15 16 17 18 19 |
---------------+----------------------------------------------------------+-----
Fighting       | 3 4 5 6 8 9 10 11 12 13 | 13.2
Short Blades   | 4 5 6 7 8 |  8.0
Throwing       | 1 2 3 4 5 6 8 9 10 11 12 13 14 | 14.8
Dodging        | 3 4 5 6 8 9 10 11 12 13 14 15 | 15.1
Stealth        | 1 2 3 5 6 8 9 10 11 12 13 14 15 16 | 16.0
Evocations     | 2 4 6 7 8 9 10 11 12 13 | 13.2
Armour         | 4 6 8 9 |  9.1
Shields        | 2 5 7 8 9 |  9.6

Action                   |  1- 3 |  4- 6 |  7- 9 | 10-12 | 13-15 | 16-18 | 19-21 || total
-------------------------+-------+-------+-------+-------+-------+-------+-------++-------
Melee: Short sword       |    97 |   263 |   311 |       |       |       |       ||   671
       Dagger            |       |       |   300 |    22 |       |       |       ||   322
       Quick blade       |       |       |       |   847 |  1940 |  2159 |   476 ||  5422
 Fire: Blowgun           |       |       |       |     6 |    23 |    43 |     4 ||    76
Throw: Tomahawk          |       |       |       |       |     2 |       |     1 ||     3
Invok: Berserk           |     2 |     3 |    11 |    10 |    12 |     8 |     3 ||    49
       Trog's Hand       |       |       |     8 |     5 |    14 |    11 |     7 ||    45
       Burn Spellbooks   |       |       |       |     2 |     1 |     2 |       ||     5
       Brothers in Arms  |       |       |       |       |     7 |     8 |     3 ||    18
Evoke: Wand              |       |       |     1 |    20 |    10 |    25 |     5 ||    61
       Phial of floods   |       |       |       |       |     1 |     2 |     2 ||     5
       Lamp of fire      |       |       |       |       |       |     2 |     1 ||     3
       Fan of gales      |       |       |       |       |       |       |     1 ||     1
  Use: Potion            |       |       |     7 |       |     2 |     7 |       ||    16
       Scroll            |       |       |    12 |    14 |    12 |    25 |     2 ||    65
 Stab: Sleeping          |       |     4 |    10 |    21 |    31 |    46 |     4 ||   116
       Distracted        |       |     1 |     1 |       |    10 |    10 |       ||    22
       Confused          |       |       |       |       |       |     6 |     3 ||     9
  Eat: Chunk             |     2 |    10 |    19 |    24 |    34 |    24 |     1 ||   114
       Ration            |       |       |     2 |     4 |     7 |    16 |     4 ||    33
Armor: Animal skin       |    11 |       |       |       |       |       |       ||    11
       Robe              |     1 |    44 |    69 |    18 |       |       |       ||   132
       Steam dragon scal |       |       |       |    18 |   111 |   123 |    10 ||   262
       Acid dragon scale |       |       |       |       |       |       |    18 ||    18
Dodge: Dodged            |    76 |   192 |   504 |   423 |  1046 |   991 |   166 ||  3398
Block: Buckler           |       |       |       |       |    74 |   409 |    63 ||   546
